[Event "CZE-ch U12 Open 2023"]
[Site "Teplice"]
[Date "2023.03.14"]
[Round "5.1"]
[White "Policar, Martin"]
[Black "Mydlar, Matej"]
[Result "0-1"]
[ECO "A45"]
[WhiteElo "1552"]
[BlackElo "1586"]
[Annotator "NA RC COMBH"]
[PlyCount "60"]
[EventDate "2023.03.09"]
[EventType "swiss"]
[EventCountry "CZE"]
[SourceTitle "playchess.com"]
[Source "ChessBase"]
[SourceQuality "1"]
[TimeControl "40/5400+30:1800+30"]

1. d4 Nf6 2. g3 e6 3. Bg2 d5 4. Nf3 Nbd7 5. O-O b6 6. Bf4 Ne4 7. Nbd2 Bb7 8. Nxe4 dxe4 9. Nd2 f5 10. Nc4 Be7 11. e3 Nf6 12. Ne5 O-O 13. c4 Qe8 14. Kh1 Rd8 15. Qe2 h6 16. g4 c5 17. Rad1 g5 18. Bg3 cxd4 19. h3 Bb4 20. Qc2 Bc5 21. gxf5 exf5 22. exd4 Bxd4 23. f4 Nh5 24. Bh2 gxf4 25. Bf3 Bxe5 26. Rxd8 exf3 27. Rg1+ Kh8 28. Rxe8 f2+ 29. Rg2 f1=Q+ 30. Bg1 Bxg2+ 0-1

[Event "CZE-ch U12 Open 2023"]
[Site "Teplice"]
[Date "2023.03.14"]
[Round "5.2"]
[White "Sochor, Antonin"]
[Black "Kroulik, Vaclav"]
[Result "0-1"]
[ECO "B40"]
[WhiteElo "1574"]
[BlackElo "1772"]
[Annotator "NA RC COMBH"]
[PlyCount "112"]
[EventDate "2023.03.09"]
[EventType "swiss"]
[EventCountry "CZE"]
[SourceTitle "playchess.com"]
[Source "ChessBase"]
[SourceQuality "1"]
[TimeControl "40/5400+30:1800+30"]

1. e4 c5 2. Nf3 e6 3. c4 Nc6 4. d4 cxd4 5. Nxd4 Nf6 6. Nc3 Bb4 7. Nxc6 dxc6 8. Qxd8+ Kxd8 9. f3 Nd7 10. Bd2 Ke7 11. O-O-O a5 12. Kc2 Re8 13. g3 Kf8 14. Bg2 e5 15. Be3 Bc5 16. Bxc5+ Nxc5 17. b3 Be6 18. a3 a4 19. b4 Nb3 20. c5 Nd4+ 21. Kb2 Reb8 22. Rc1 b6 23. cxb6 Rxb6 24. Na2 Bb3 25. Rhf1 Ke7 26. Rf2 Rd8 27. f4 f6 28. Bf1 Ne6 29. Bc4 Bxa2 30. Bxa2 exf4 31. gxf4 Rd4 32. Rc4 Rd3 33. Bb1 Rd4 34. Rxd4 Nxd4 35. Kc3 Nb5+ 36. Kb2 Rb7 37. Bc2 Ra7 38. Rg2 g6 39. Rd2 Nd6 40. Rd4 Rb7 41. Kc1 Ra7 42. Kd2 Ra6 43. Ke3 Nb5 44. Rd3 Nc7 45. h4 h6 46. Kf3 Ne8 47. Re3 Nc7 48. Kg4 Kf7 49. h5 gxh5+ 50. Kxh5 Ne8 51. Kxh6 f5 52. e5 Ng7 53. Kg5 Ne6+ 54. Kh4 Nxf4 55. Bxf5 Ng2+ 56. Kg3 Nxe3 0-1

[Event "CZE-ch U12 Open 2023"]
[Site "Teplice"]
[Date "2023.03.14"]
[Round "5.3"]
[White "Bara, Jan"]
[Black "Mik, Tomas"]
[Result "0-1"]
[ECO "A16"]
[WhiteElo "1712"]
[BlackElo "1911"]
[Annotator "TA"]
[PlyCount "76"]
[EventDate "2023.03.09"]
[EventType "swiss"]
[EventCountry "CZE"]
[SourceTitle "playchess.com"]
[Source "ChessBase"]
[SourceQuality "1"]
[TimeControl "40/5400+30:1800+30"]

1. c4 Nf6 2. Nc3 g6 3. g3 Bg7 4. Bg2 O-O 5. Nf3 d6 6. O-O Nbd7 7. d3 c5 {[%emt 0:01:30] A16: English Opening: 1...Nf6 with ...d5.} 8. Rb1 {[%emt 0:01:36] [#]} Re8 $146 ({Predecessor:} 8... Rb8 9. a3 b6 10. b4 Bb7 11. Bb2 Ng4 12. h3 Nge5 13. Nxe5 Nxe5 14. Qa4 Bxg2 15. Kxg2 Qd7 16. Qxd7 Nxd7 17. Nd5 Rfe8 18. Nc7 Rec8 19. Nd5 Re8 20. Nc7 Rec8 21. Nd5 Re8 22. Nc7 {½-½ Gavarrete,N (2325)-Granero Roca,A (2359) Montserrat 2021 (9)}) 9. a3 a6 {[%emt 0:08:27] White is slightly better.} 10. Qc2 Rb8 11. b4 Qc7 12. Bd2 b6 13. b5 a5 14. Ng5 Bb7 15. Nge4 Nxe4 16. Nxe4 f5 17. Ng5 Bxg2 18. Kxg2 e6 19. h4 Qb7+ 20. Nf3 Ne5 21. Bc3 Nxf3 22. exf3 e5 23. Rbe1 Re7 24. Re2 Rbe8 25. Rfe1 Bf6 26. Bd2 Kg7 27. Bc1 h6 28. Re3 g5 29. hxg5 hxg5 {[%emt 0:00:35] Threatens to win with ...Rh8.} 30. Kf1 (30. Rh1 $11) 30... Rh8 $17 {[%emt 0:02:17] Strongly threatening ...g4.} 31. Ke2 Rh2 32. Rg1 (32. Kd1 $17) 32... Qc8 (32... Kf8 $19 33. Kd1 Reh7) 33. Qd1 {[%emt 0:07:23] [#]} (33. Kd1 $15) 33... e4 {[%emt 0:01:24] Black is more active.} 34. Kf1 $2 (34. dxe4 $11 fxe4 35. Rxe4) 34... Bd4 $19 {[%emt 0:00:22] ...f4 is the strong threat.} 35. Re2 $2 {[%emt 0:00:09] [#]} (35. Ke1) 35... f4 $1 36. g4 {[%emt 0:00:37] White is weak on the dark squares} (36. dxe4 fxg3) 36... Qh8 {[%emt 0:01:51] ( -> ...Qh3+)} 37. Bb2 Bxb2 38. Rxb2 exd3 {[%emt 0:01:10] Weighted Error Value: White=0.75/Black=0.13 (very precise)} 0-1

[Event "CZE-ch U12 Open 2023"]
[Site "Teplice"]
[Date "2023.03.14"]
[Round "5.4"]
[White "Chernyy, Andrey"]
[Black "Sochor, Vaclav"]
[Result "1/2-1/2"]
[ECO "B40"]
[WhiteElo "1605"]
[BlackElo "1503"]
[Annotator "NA RC COMBH"]
[PlyCount "67"]
[EventDate "2023.03.09"]
[EventType "swiss"]
[EventCountry "CZE"]
[SourceTitle "playchess.com"]
[Source "ChessBase"]
[SourceQuality "1"]
[TimeControl "40/5400+30:1800+30"]

1. e4 c5 2. Nf3 e6 3. g3 d5 4. exd5 exd5 5. Bg2 Nc6 6. O-O Nf6 7. d4 Be7 8. dxc5 Bxc5 9. Re1+ Be7 10. Nbd2 O-O 11. Nb3 Bg4 12. c3 Ne4 13. Be3 f5 14. Nbd4 Nxd4 15. Qxd4 Bc5 16. Qd3 Bxe3 17. fxe3 Bxf3 18. Bxf3 Rf6 19. Rad1 Rd6 20. Qc2 Rc8 21. Rd4 Qg5 22. Bxe4 fxe4 23. Qd2 Qe5 24. Rd1 Rc5 25. c4 Qg5 26. Rxd5 Rcxd5 27. cxd5 h5 28. Kg2 h4 29. Qc3 Qg4 30. Rf1 Rg6 31. Qc4 hxg3 32. h3 Qd7 33. d6+ Kh7 34. Rf8 1/2-1/2

[Event "CZE-ch U12 Open 2023"]
[Site "Teplice"]
[Date "2023.03.14"]
[Round "5.5"]
[White "Hladky, Mikulas"]
[Black "Boff, Ondrej"]
[Result "1/2-1/2"]
[ECO "A04"]
[WhiteElo "1476"]
[BlackElo "1561"]
[Annotator "NA RC COMBH"]
[PlyCount "52"]
[EventDate "2023.03.09"]
[EventType "swiss"]
[EventCountry "CZE"]
[SourceTitle "playchess.com"]
[Source "ChessBase"]
[SourceQuality "1"]
[TimeControl "40/5400+30:1800+30"]

1. Nf3 c5 2. c4 g6 3. e3 Bg7 4. Nc3 d6 5. Be2 Nf6 6. O-O O-O 7. d4 Nc6 8. d5 Nb8 9. Ne1 Bf5 10. f3 a6 11. a4 Ne8 12. e4 Bd7 13. Be3 f5 14. Qd2 e6 15. Nd3 exd5 16. exd5 Bc8 17. Bh6 Bd4+ 18. Be3 Bf6 19. Rfe1 Nd7 20. Reb1 Ne5 21. Nxe5 Bxe5 22. Bg5 Qc7 23. Bf4 Bf6 24. Bg5 Be5 25. Bf4 Bf6 26. Bg5 Be5 1/2-1/2

[Event "CZE-ch U12 Open 2023"]
[Site "Teplice"]
[Date "2023.03.14"]
[Round "5.6"]
[White "Mikulka, Martin Michael"]
[Black "Rudlof, Adam"]
[Result "1-0"]
[ECO "A45"]
[WhiteElo "1786"]
[BlackElo "1409"]
[Annotator "NA RC COMBH"]
[PlyCount "56"]
[EventDate "2023.03.09"]
[EventType "swiss"]
[EventCountry "CZE"]
[SourceTitle "playchess.com"]
[Source "ChessBase"]
[SourceQuality "1"]
[TimeControl "40/5400+30:1800+30"]

1. d4 Nf6 2. Nc3 c5 3. Nf3 cxd4 4. Nxd4 e5 5. Ndb5 a6 6. Nd6+ Bxd6 7. Qxd6 Qe7 8. Qxe7+ Kxe7 9. e4 Nc6 10. Bg5 Rb8 11. g3 d6 12. Nd5+ Ke6 13. Bh3+ Ng4 14. Bxg4+ f5 15. Bxf5+ Kf7 16. Bxc8 Rbxc8 17. c3 h6 18. Be3 b5 19. O-O h5 20. h4 Ke6 21. Rad1 Ne7 22. Nxe7 Kxe7 23. Rd2 Rc6 24. Rfd1 Ke6 25. f4 exf4 26. Bxf4 Rd8 27. Rd5 g6 28. e5 Ke7 1-0

[Event "CZE-ch U12 Open 2023"]
[Site "Teplice"]
[Date "2023.03.14"]
[Round "5.7"]
[White "Sboev, Kirill"]
[Black "Komarek, Tobias"]
[Result "1-0"]
[ECO "D85"]
[WhiteElo "1506"]
[BlackElo "1515"]
[Annotator "NA RC COMBH"]
[PlyCount "95"]
[EventDate "2023.03.09"]
[EventType "swiss"]
[EventCountry "CZE"]
[SourceTitle "playchess.com"]
[Source "ChessBase"]
[SourceQuality "1"]
[TimeControl "40/5400+30:1800+30"]

1. d4 Nf6 2. c4 g6 3. Nc3 d5 4. cxd5 Nxd5 5. e4 Nxc3 6. bxc3 Bg7 7. Nf3 c5 8. h3 O-O 9. Be2 Nc6 10. Be3 cxd4 11. cxd4 Qa5+ 12. Bd2 Qa3 13. Be3 Qc3+ 14. Bd2 Qb2 15. Be3 Rd8 16. O-O Nxd4 17. Nxd4 Bxd4 18. Rb1 Qc3 19. Rc1 Qa5 20. Bxd4 e5 21. Bc3 Qb6 22. Qb3 Be6 23. Qxb6 axb6 24. Bxe5 Rxa2 25. Rfd1 Re8 26. Bb5 Rea8 27. Bc4 Bxc4 28. Rxc4 R2a5 29. Bf6 Rc5 30. Rcd4 Rcc8 31. Rd8+ Rxd8 32. Rxd8+ Rxd8 33. Bxd8 b5 34. Ba5 Kf8 35. Kf1 Ke7 36. Ke2 Kd6 37. Kd3 Kc5 38. Kc3 Kc6 39. Kd4 f6 40. Bb4 g5 41. g3 h5 42. f4 g4 43. h4 b6 44. e5 fxe5+ 45. fxe5 Kd7 46. Kd5 Ke8 47. e6 Kd8 48. Kd6 1-0

[Event "CZE-ch U12 Open 2023"]
[Site "Teplice"]
[Date "2023.03.14"]
[Round "5.8"]
[White "Frantsev, Iegor"]
[Black "Rendl, Lubos"]
[Result "0-1"]
[ECO "A45"]
[WhiteElo "1424"]
[BlackElo "1477"]
[Annotator "NA RC COMBH"]
[PlyCount "86"]
[EventDate "2023.03.09"]
[EventType "swiss"]
[EventCountry "CZE"]
[SourceTitle "playchess.com"]
[Source "ChessBase"]
[SourceQuality "1"]
[TimeControl "40/5400+30:1800+30"]

1. d4 Nf6 2. Bf4 c5 3. e3 Nd5 4. Ne2 cxd4 5. Qxd4 Nxf4 6. Nxf4 Nc6 7. Qd1 Qb6 8. Qc1 e6 9. c3 g5 10. Ne2 f5 11. Nd4 h5 12. Nd2 d5 13. Nxc6 bxc6 14. Nf3 g4 15. Nd4 c5 16. Ne2 e5 17. Qc2 Kf7 18. Rd1 Be6 19. g3 Rb8 20. b3 Bg7 21. Bg2 Rhd8 22. h3 Kg6 23. hxg4 hxg4 24. Rh4 e4 25. Nf4+ Kf7 26. Rh5 Qa5 27. Rh7 Rd7 28. Rxg7+ Kxg7 29. Nxe6+ Kf6 30. Nf4 d4 31. exd4 cxd4 32. b4 Qc7 33. Qd2 d3 34. Nh5+ Kg6 35. Nf4+ Kf7 36. a3 Rc8 37. Qa2+ Qc4 38. Qxc4+ Rxc4 39. Kd2 Rdc7 40. Rc1 Rd7 41. Rh1 Kg7 42. Nh5+ Kg6 43. Nf4+ Kf7 0-1

[Event "CZE-ch U12 Open 2023"]
[Site "Teplice"]
[Date "2023.03.14"]
[Round "5.9"]
[White "Maly, Jiri"]
[Black "Migalko, Dmitriy"]
[Result "1/2-1/2"]
[ECO "B40"]
[WhiteElo "1520"]
[BlackElo "1581"]
[Annotator "NA RC COMBH"]
[PlyCount "79"]
[EventDate "2023.03.09"]
[EventType "swiss"]
[EventCountry "CZE"]
[SourceTitle "playchess.com"]
[Source "ChessBase"]
[SourceQuality "1"]
[TimeControl "40/5400+30:1800+30"]

1. e4 c5 2. Nf3 e6 3. c3 Nf6 4. e5 Nd5 5. d4 cxd4 6. cxd4 Nc6 7. Bd2 Qb6 8. Bc3 Nxc3 9. Nxc3 Qxb2 10. Rc1 Bb4 11. Qd2 Qxd2+ 12. Kxd2 d6 13. Bd3 dxe5 14. dxe5 Ke7 15. Rhd1 b6 16. Ke2 Bxc3 17. Rxc3 Bb7 18. Bb5 Rac8 19. Rdc1 Kd7 20. Rd1+ Ke7 21. Rdc1 Nb8 22. Rc7+ Kd8 23. Rxb7 Rxc1 24. Rxb8+ Rc8 25. Rxc8+ Kxc8 26. a4 h6 27. Nd4 Rd8 28. Ke3 Kb7 29. f4 a6 30. Be2 Rc8 31. Kd2 Rc5 32. Nb3 Rd5+ 33. Ke3 Ka7 34. Bf3 Rd8 35. Nd4 Re8 36. Nc6+ Kb7 37. Nb4+ Ka7 38. Nc6+ Kb7 39. Nb4+ Ka7 40. Nc6+ 1/2-1/2

[Event "CZE-ch U12 Open 2023"]
[Site "Teplice"]
[Date "2023.03.14"]
[Round "5.10"]
[White "Tejnor, Martin"]
[Black "Kupka, Alexandr"]
[Result "1/2-1/2"]
[ECO "C44"]
[WhiteElo "1360"]
[BlackElo "1220"]
[Annotator "NA RC COMBH"]
[PlyCount "147"]
[EventDate "2023.03.09"]
[EventType "swiss"]
[EventCountry "CZE"]
[SourceTitle "playchess.com"]
[Source "ChessBase"]
[SourceQuality "1"]
[TimeControl "40/5400+30:1800+30"]

1. e4 e5 2. Nf3 Nc6 3. d4 exd4 4. Nxd4 Nf6 5. Nc3 Bb4 6. Nxc6 bxc6 7. Bd3 d5 8. exd5 cxd5 9. O-O O-O 10. h3 c6 11. Qf3 Bd6 12. Bf4 Rb8 13. b3 Re8 14. Rfe1 Rb4 15. Bxd6 Qxd6 16. Qg3 Rxe1+ 17. Rxe1 Qxg3 18. fxg3 Be6 19. a3 Rb8 20. b4 Kf8 21. Na4 Nh5 22. Kf2 g6 23. Nc5 Re8 24. Ba6 Ke7 25. Bb7 Kd6 26. Re3 Nf6 27. Rc3 d4 28. Rd3 Bd5 29. Rxd4 Ne4+ 30. Nxe4+ Rxe4 31. Rd2 Rc4 32. Ba6 Rc3 33. a4 Ke5 34. Bf1 Ra3 35. a5 c5 36. c4 Bc6 37. b5 Be4 38. a6 Bf5 39. Be2 Be6 40. Rd3 Ra2 41. Kf3 Ra4 42. Rc3 Kd4 43. Rc2 Ra3+ 44. Kf2 Ke5 45. Bf3 Kd6 46. Ke2 Kc7 47. g4 Ra2 48. Rxa2 Bxc4+ 49. Kd2 Bxa2 50. Be2 Kb6 51. Kc3 Be6 52. g5 Bd7 53. Bc4 Be6 54. Bd3 Bd7 55. Bc4 Bxb5 56. Bxf7 Kxa6 57. h4 Kb6 58. g4 a5 59. h5 a4 60. hxg6 hxg6 61. Bxg6 c4 62. Bb1 Bd7 63. g6 Bxg4 64. Ba2 Bf5 65. g7 Bh7 66. Bxc4 Kc6 67. Kd4 Kd6 68. Ba2 a3 69. Bb3 Kc6 70. Bd5+ Kb5 71. Kc3 Kc5 72. Ba2 Kb5 73. Kb3 Kc5 74. Kc3 1/2-1/2

[Event "CZE-ch U12 Open 2023"]
[Site "Teplice"]
[Date "2023.03.14"]
[Round "5.12"]
[White "Sudrich, Radek"]
[Black "Mazurek, Richard"]
[Result "1/2-1/2"]
[ECO "E81"]
[WhiteElo "2054"]
[BlackElo "1137"]
[Annotator "TA"]
[PlyCount "133"]
[EventDate "2023.03.09"]
[EventType "swiss"]
[EventCountry "CZE"]
[SourceTitle "playchess.com"]
[Source "ChessBase"]
[SourceQuality "1"]
[TimeControl "40/5400+30:1800+30"]

1. d4 Nf6 2. c4 g6 3. Nc3 Bg7 4. e4 d6 5. f3 O-O 6. Be3 Nbd7 7. Bd3 e5 8. d5 Re8 {[%emt 0:03:13] E87: King's Indian: Sämisch: 6...e5 7 d5.} 9. Nge2 Nf8 10. Qd2 {[%emt 0:01:43] [#]} h5 $146 {[%emt 0:10:09] White is better.} ({Predecessor:} 10... Bd7 11. O-O-O c6 12. Kb1 cxd5 13. cxd5 b6 14. Rc1 Rc8 15. Nb5 Bxb5 16. Bxb5 Rxc1+ 17. Rxc1 {1-0 Jakavonis,G-Vasiliauskas,D Panevezys op-B 24th 2011 (7)}) 11. O-O-O c6 12. h3 cxd5 13. exd5 a6 14. g4 Bd7 (14... b5 $16) 15. Rdg1 (15. Ng3 $18 {and White stays clearly on top.}) 15... hxg4 $2 (15... h4 $16) 16. hxg4 $18 N6h7 (16... e4 $142) 17. Bh6 (17. Ne4 $142) 17... Bxh6 18. Qxh6 (18. Rxh6 $18 {is the precise move to win. And now Ne4 would win.} b5 19. c5 (19. cxb5 axb5 20. Kb1 Qg5 $16)) 18... Qf6 $2 (18... Qg5+ $16 {is a better chance.} 19. Qxg5 Nxg5) 19. Ne4 Qg7 20. Qxg7+ ({Don't play} 20. Nxd6 Qxh6+ 21. Rxh6 Ng5 22. Nxe8 (22. Nxb7 Nxf3 23. Rg3 Kg7 $18) 22... Rxe8 $18) 20... Kxg7 21. Nxd6 Reb8 22. c5 Nf6 23. Nc3 Ne8 24. Nce4 Nxd6 25. Nxd6 Nh7 26. g5 Rc8 {[%emt 0:01:01] Black is weak on the dark squares} 27. Nxc8 Rxc8 28. Be4 {[%emt 0:00:33] Strongly threatening b4.} Rxc5+ 29. Kb1 Bf5 30. d6 {[%emt 0:03:07] Threatens to win with Bxf5.} Rc8 31. Bxf5 gxf5 {[%emt 0:00:01][%mdl 4096] Endgame KRR-KRN} 32. Rh2 Rd8 33. Rd2 Kg6 34. Rdg2 (34. d7 $18 {has better winning chances.}) 34... Rxd6 $16 35. Kc2 ({White should play} 35. Re2 $16) 35... Nf8 (35... f4 $11) 36. Rh1 (36. Re1 $14) 36... Kg7 (36... Ne6 $11) 37. Re1 Rc6+ 38. Kd3 ({Better is} 38. Kd1 $16) 38... Rc5 (38... Ne6 $11 39. Rf2 (39. Rxe5 $2 {perishes.} Nf4+ 40. Kd4 Nxg2 $19) 39... Rd6+ 40. Kc3 Rc6+ 41. Kd3 Rd6+ 42. Kc2 Nd4+ 43. Kc1 Rc6+ 44. Kd1 Rd6) 39. Ke3 (39. b4 $14 Rd5+ 40. Kc4 Rd4+ 41. Kc3) 39... Kg6 40. Rh1 Rb5 41. Rh6+ Kg7 42. f4 exf4+ 43. Kxf4 Ne6+ 44. Ke3 Nxg5 {[%emt 0:00:27][%mdl 64] [#] Remove Defender} 45. Rh1 f6 46. Rc1 Re5+ 47. Kf4 Re4+ (47... Kf7 $11 {remains equal.}) 48. Kxf5 Re5+ 49. Kg4 {[%emt 0:00:15] White is more active.} Kg6 50. Rc4 Ra5 51. b3 Rb5 {[%emt 0:01:34] Dodges Rb4} 52. Kh4 Kh6 53. Rf4 Kg6 54. Rgf2 Rb6 55. Rg4 Rb5 56. Rff4 Rb6 {[%emt 0:00:58] [#]} (56... Re5 $16 {was worth a try.}) 57. Rb4 $1 $18 Rxb4 (57... Rd6 58. Rxb7 Rd3) 58. Rxb4 {[%emt 0:00:07] KR-KN} b5 59. a4 bxa4 60. Rxa4 (60. bxa4 {aiming for a5.} Nf3+ 61. Kg3) 60... Nf3+ $2 (60... Kf5 61. b4 Nf7 62. Rxa6 Ke5) 61. Kg3 Nd2 62. b4 ({Weaker is} 62. Rxa6 Nxb3 63. Kg4 Nd4 $11) 62... Ne4+ 63. Kf4 Nc3 64. Rxa6 {[%emt 0:00:44] White threatens Ra5 and mate.} Nd5+ 65. Kg4 $2 (65. Ke4 {mates} Nxb4 66. Rb6 Nc2 67. Rb1 Na3 68. Rc1 Nb5 69. Kd5 Kh6 70. Rc5) 65... Nxb4 $11 66. Ra8 Nc6 67. Ra6 {[%emt 0:00:18] Weighted Error Value: White=0.37/Black=0.43} 1/2-1/2